 Dungeon Crawl Stone Soup version 0.25.0-9-g26727b657a (webtiles) character file.

Game seed: 10832257904676504597

66 EWolf27 the Sneak (level 3, -1/24 HPs)
             Began as a Vampire Enchanter on June 20, 2020.
             Slain by a giant cockroach (2 damage)
             ... on level 2 of the Dungeon.
             The game lasted 00:08:49 (1154 turns).

EWolf27 the Sneak (Vampire Enchanter)               Turns: 1154, Time: 00:08:49

Health: -1/24      AC:  2    Str:  7    XL:     3   Next: 96%
Magic:  3/7        EV: 12    Int: 18    God:
Gold:   43         SH:  0    Dex: 14    Spells: 5/8 levels left

rFire    . . .     SeeInvis +   a - +1 dagger
rCold    . . .     Gourm    .   (no shield)
rNeg     . . .     Faith    .   b - +0 robe
rPois    .         Spirit   .   (no helmet)
rElec    .         Reflect  .   (no cloak)
rCorr    .         Harm     .   (no gloves)
MR       .....                  (no boots)
Stlth    +++.......             (no amulet)
HPRegen  0.28/turn              (no ring)
MPRegen  0.10/turn              (no ring)

@: lethally poisoned (-1 -> -1), regenerating quickly
A: no food, fangs 3, see invisible, unbreathing
a: Exsanguinate


You were on level 2 of the Dungeon.
You were alive.

You visited 1 branch of the dungeon, and saw 2 of its levels.

You collected 43 gold pieces.

Inventory:

Hand Weapons
 a - a +1 dagger (weapon)
Armour
 b - a +0 robe (worn)
Scrolls
 c - 3 scrolls of remove curse {unknown}
 e - a scroll of enchant weapon {unknown}
 f - a scroll of fog {unknown}
 g - 2 scrolls of identify {unknown}
Potions
 d - a potion of cancellation {unknown}


   Skills:
 - Level 1.1 Short Blades
 - Level 2.1 Dodging
 + Level 5.3 Stealth
 * Level 3.1 Spellcasting
 + Level 5.1 Hexes


You had 5 spell levels left.
You knew the following spells:

 Your Spells              Type           Power        Failure   Level  Hunger
a - Corona                Hex            ###....      1%          1    N/A
b - Ensorcelled Hibernat  Hex/Ice        ##....       9%          2    N/A

Your spell library contained the following spells:

 Spells                   Type           Power        Failure   Level  Hunger
 Confusing Touch          Hex            ###.....     6%          3    N/A
 Tukima's Dance           Hex            ###.....     6%          3    N/A
 Dazzling Flash           Conj/Hex       ##....       17%         3    N/A

Dungeon Overview and Level Annotations

Branches:
Dungeon (2/15)

Altars:


Innate Abilities, Weirdness & Mutations

You do not eat.
Your natural rate of healing is unusually fast.
You have razor-sharp teeth.
You have supernaturally acute eyesight. (SInv)
You can survive without breathing.


Message History

The adder barely misses you. The adder barely misses you.
There is an open door here.
The adder barely misses you. The adder bites you.
* * * LOW HITPOINT WARNING * * *
You are poisoned.
The adder poisons you!
Unknown command.
You feel sick.
The giant cockroach bites you but does no damage.
You open the door.
You feel sick.
The giant cockroach completely misses you.
The giant cockroach bites you.
* * * LOW HITPOINT WARNING * * *
The giant cockroach misses you.
There is an open door here.
You feel sick.
You feel sick. The giant cockroach bites you.
You die...

#.####..# #.......#
#######.### #####
##......###...##
........#.##.###.##
####.#..#.#.#####.#
#.#.........##.#
#......#.##.##.#
#.#.@..##.#.#.##
#...s..# #...##
####s### ##.## #S#
##.######### ##'##
#...........
##...##
#.......###.
##.....###....##.#
#.
#.......#####†.#.#
#.
#.........####....#
#.


You could see an adder and 2 giant cockroaches.

Vanquished Creatures
  A hound (D:2)
  An adder (D:2)
  3 giant cockroaches
  2 hobgoblins (D:2)
  4 jackals (D:1)
  4 bats (D:1)
  A frilled lizard (D:1)
  2 goblins (D:1)
  5 kobolds
  7 rats
30 creatures vanquished.

Notes
Turn   | Place    | Note
-------+----------+-------------------------------------------
     0 | D:1      | EWolf27 the Vampire Enchanter began the quest for the Orb.
     0 | D:1      | Reached XP level 1. HP: 13/13 MP: 3/3
   372 | D:1      | Reached XP level 2. HP: 14/19 MP: 5/5
   412 | D:1      | Learned a level 2 spell: Ensorcelled Hibernation
   890 | D:2      | Reached skill level 5 in Stealth
   890 | D:2      | Reached skill level 5 in Hexes
   890 | D:2      | Reached XP level 3. HP: 20/24 MP: 1/7
  1154 | D:2      | HP: 1/24 [poisoned by an adder]
  1154 | D:2      | Slain by a giant cockroach

Illustrated notes

Levels and vault maps discovered:
D:1:      dpeg_arrival_round_c, layout_basic, serial_glass, glass_columns_a,
          glass_columns_b
D:2:      layout_loops_corners, lemuel_coloured_pillars_altar

Skill      XL: |  1  2 |
---------------+-------+-----
Stealth        | 5 |  5.3
Spellcasting   | 3 |  3.1
Hexes          | 5 |  5.1
Short Blades   | |  1.1
Dodging        | |  2.1

Action                   || total
-------------------------++-------
Melee: Dagger            ||   128
       Bite              ||     7
 Cast: Ensorcelled Hiber ||     5
 Stab: Sleeping          ||     7
Armor: Robe              ||    39
Dodge: Dodged            ||   110
